 Dungeon Crawl Stone Soup version 0.25.1-8-g42b30a86e7 (webtiles) character file.

Game seed: 10469527488846131121

108137 zeroc00l the Grappler (level 16, -14/144 HPs)
             Began as a Troll Transmuter on Dec 22, 2020.
             Was the Champion of Makhleb.
             Killed from afar by Nikola (25 damage)
             ... with a chain lightning
             ... on level 2 of the Snake Pit.
             The game lasted 03:47:55 (31468 turns).

zeroc00l the Grappler (Troll Transmuter)           Turns: 31468, Time: 03:47:57

Health: -14/144    AC: 24    Str: 22    XL:     16   Next: 1%
Magic:  7/21       EV: 10    Int: 14    God:    Makhleb [******]
Gold:   973        SH:  0    Dex: 10    Spells: 2/27 levels left

rFire    + + .     SeeInvis .     - Unarmed
rCold    x . .     Gourm    +   (shield currently unavailable)
rNeg     . . .     Faith    .   x - +3 fire dragon scales
rPois    .         Spirit   .   z - +2 hat
rElec    .         Reflect  .   m - +0 cloak {MR+}
rCorr    .         Harm     .   (gloves unavailable)
MR       ++...                  (boots unavailable)
Stlth    ..........             j - amulet of the acrobat
HPRegen  0.74/turn              t - +4 ring of protection
MPRegen  0.17/turn              C - ring of wizardry

@: blade hands (expiring)
A: large, unfitting armour, claws 3, fast metabolism 3, gourmand, low mp 1,
regeneration 1, shaggy fur 1, tough skin 3
a: End Transformation, Minor Destruction, Lesser Servant of Makhleb, Major
Destruction, Greater Servant of Makhleb, Renounce Religion


You were on level 2 of the Snake Pit.
You worshipped Makhleb.
Makhleb was exalted by your worship.
You were not hungry.
You had blades for hands.
You visited 5 branches of the dungeon, and saw 26 of its levels.
You also visited: Ossuary and Gauntlet.

You collected 2983 gold pieces.
You spent 2010 gold pieces at shops.

Inventory:

Hand Weapons
 b - the +8 shortbow "Iroilig" (melded) {speed, rN+ Int+5}
   (You found it on level 1 of the Lair of Beasts)

   Attacks with this weapon are significantly faster.
   It affects your intelligence (+5).
   It protects you from negative energy.
 c - a +9 longbow of flaming
Missiles
 q - 4 boomerangs of dispersal
 v - 18 curare-tipped darts
 B - 8 large rocks (quivered)
 D - 401 arrows
 G - 7 atropa-tipped darts
 M - 17 silver javelins
Armour
 g - the +2 cloak "Sehotic" {*Slow rF++ rC+}
   (You found it in a Gauntlet)

   It greatly protects you from fire.
   It protects you from cold.
   It may slow you when you take damage.
 m - a +0 cloak of magic resistance (worn)
 x - +3 fire dragon scales (worn)
 z - a +2 hat (worn)
 E - a scarf of invisibility
Jewellery
 j - an amulet of the acrobat (around neck)
 r - an uncursed ring of flight
 s - an uncursed ring of ice
 t - a +4 ring of protection (left scythe-like blade)
 C - a ring of wizardry (right scythe-like blade)
 J - an uncursed ring of ice
Wands
 h - a wand of paralysis (18)
 w - a wand of disintegration (17)
 y - a wand of clouds (12)
 L - a wand of enslavement (6)
 P - a wand of iceblast (3)
 Q - a wand of acid (26)
 Y - a wand of digging (6)
Scrolls
 a - 6 scrolls of remove curse
 e - 2 scrolls of magic mapping
 f - a scroll of fog
 k - 10 scrolls of teleportation
 u - 2 scrolls of fear
 N - a scroll of blinking
Potions
 i - 6 potions of curing
 l - 2 potions of lignification
 n - 2 potions of resistance
 o - 3 potions of cancellation
 p - 2 potions of ambrosia
 A - 9 potions of heal wounds
 F - 4 potions of might
 K - 7 potions of haste
 X - 2 potions of invisibility
Miscellaneous
 V - a lightning rod (4/4)
Comestibles
 d - 49 rations


   Skills:
 - Level 6.0 Fighting
 - Level 6.0 Bows
 + Level 6.2 Armour
 - Level 8.0 Dodging
 + Level 12.6 Unarmed Combat
 - Level 6.0 Spellcasting
 - Level 4.0 Hexes
 * Level 2.5 Translocations
 - Level 10.0 Transmutations
 - Level 5.0 Ice Magic
 * Level 3.4 Poison Magic
 - Level 8.0 Invocations
 - Level 4.0 Evocations


You had 2 spell levels left.
You knew the following spells:

 Your Spells              Type           Power        Failure   Level  Hunger
a - Beastly Appendage     Tmut           ####..       5%          1    None
b - Poisonous Vapours     Pois/Air       #.....       43%         2    #......
c - Spider Form           Tmut/Pois      ###.......   19%         3    ###....
d - Blade Hands           Tmut           ####......   32%         5    ######.
e - Frozen Ramparts       Ice            ###...       28%         3    ###....
f - Blink                 Tloc           N/A          34%         2    #......
g - Ice Form              Ice/Tmut       ####....     32%         4    ####...
h - Yara's Violent Unrav  Hex/Tmut       ###.......   58%         5    ######.

Your spell library contained the following spells:

 Spells                   Type           Power        Failure   Level  Hunger
 Sticks to Snakes         Tmut           ####....     6%          2    #......
 Freeze                   Ice            ###.         16%         1    None
 Slow                     Hex            ###.....     24%         2    #......
 Shroud of Golubria       Chrm/Tloc      #.....       45%         2    #......
 Infusion                 Chrm           #...         47%         1    None
 Magic Dart               Conj           #...         47%         1    None
 Call Imp                 Summ           #.......     58%         2    #......
 Song of Slaying          Chrm           #.......     58%         2    #......
 Ozocubu's Armour         Chrm/Ice       ##......     50%         3    ###....
 Spectral Weapon          Hex/Chrm       #.......     56%         3    ###....
 Mephitic Cloud           Conj/Pois/Air  #.......     65%         3    ###....
 Cause Fear               Hex            ###.......   65%         4    ####...
 Hydra Form               Tmut           ####......   73%         6    #######
 Conjure Flame            Conj/Fire      #.......     77%         3    ###....
 Hailstorm                Conj/Ice       ##......     82%         4    ####...
 Summon Ice Beast         Ice/Summ       ##......     82%         4    ####...
 Irradiate                Conj/Tmut      ###.......   82%         5    ######.
 Silence                  Hex/Air        #.........   98%         5    ######.
 Statue Form              Tmut/Erth      ###......    99%         6    #######
 Dragon Form              Tmut           ####......   99%         7    #######
 Freezing Cloud           Conj/Ice/Air   #.........   100%        6    #######
 Ring of Flames           Chrm/Fire      #.........   100%        7    #######
 Discord                  Hex            ###.......   100%        8    #######


Dungeon Overview and Level Annotations

Branches:
Dungeon (15/15)            Temple (1/1) D:6            Lair (6/6) D:11
 Shoals (0/4) Lair:4        Snake (2/4) Lair:4        Slime (0/5) Lair:6
    Orc (2/2) D:10            Elf (0/3) Orc:2        Vaults (0/5) D:14
 Depths (0/5) D:15        Ossuary (visited)         Gauntlet (visited)

Altars:
Ashenzari
Cheibriados
Dithmenos
Elyvilon
Fedhas
Gozag
Hepliaklqana
Kikubaaqudgha
Makhleb
Nemelex Xobeh
Okawaru
Qazlal
Ru
Sif Muna
Trog
Uskayaw
Vehumet
Wu Jian
Xom
Yredelemnul
Zin
The Shining One
Beogh
Jiyva

Shops:
D:11 [   D:13 =:   Orc:2 :*[([

Annotations:
Snake:2 Nikola


Innate Abilities, Weirdness & Mutations

You are too large for most types of armour.
You have claws for hands.
Your metabolism is lightning-fast.
You like to eat raw meat.
Your natural rate of healing is unusually fast.
You are covered in fur. (AC +1)
You have extremely tough skin. (AC +3)
Your magical capacity is low. (-10% MP)


Message History

Nikola is almost dead.
Nikola barely misses you.
Your fire dragon scales prevents you from hitting Nikola.
Nikola is almost dead.
Nikola hits you with a +4 rapier of electrocution.
* * * LOW HITPOINT WARNING * * *
You barely miss Nikola.
Nikola is almost dead.
You slash Nikola!
Nikola is almost dead.
Nikola casts a spell at you. The bolt of lightning misses you.
You hit Nikola but do no damage.
Nikola is almost dead.
Nikola gestures wildly while chanting.
You hear a mighty clap of thunder!
The lightning arc hits you!!
* * * LOW HITPOINT WARNING * * *
The lightning arc hits Nikola.
The lightning arc hits you!!
You die...

......# #.##..#####
....).###.....#
..............##
.....##......(.#
.....##........#
...#.###......(#####
...##.##.......(##.#
...#...#.......@..##
#..##......#...#@##
#..##....####..##.#
#...#.....#######)#
.....#.....## ##.##
..@...†.....###..#
.N..###(...###...#
.#### ##..###....###
.# ##.......##.# ##
##.##..##.##


You could see Nikola.

Vanquished Creatures
  Rupert (D:15)
  2 nagarajas
  An orc warlord (Orc:2)
  Nessos (Lair:6)
  Azrael (D:15)
  A minotaur (Gauntlet)
  A green death (Gauntlet)
  Erolcha (D:12)
  A fire dragon (Lair:4)
  Fannar (Orc:1)
  Harold (D:9)
  A rakshasa (D:15)
  8 hydras
  A naga warrior (Snake:2)
  The ghost of Gadfly the Party-goer, a journeyman DsMo of Uskayaw (Lair:1)
  3 catoblepae (Lair:6)
  Erica (Lair:1)
  4 anacondas
  A death knight (D:14)
  3 centaur warriors
  2 two-headed ogres
  A tengu warrior (D:14)
  6 death yaks (Lair:6)
  3 orc high priests (Orc:2)
  2 shock serpents
  Sonja (D:13)
  2 skeletal warriors (D:14)
  A salamander mystic (Snake:2)
  A fire crab (Lair:5)
  A glowing orange brain (D:15)
  2 unseen horrors
  6 wizards (D:12)
  Pikel (D:8)
  A phantasmal warrior (D:14)
  A naga ritualist (Snake:2)
  3 orc knights (Orc:2)
  6 mana vipers (Snake:2)
  4 manticores
  5 orc sorcerers (Orc:2)
  9 ugly things
  A cyclops (D:15)
  4 salamanders
  A salamander (shapeshifter) (D:15)
  21 slime creatures
  A black mamba (shapeshifter) (D:14)
  2 orange demons (Gauntlet)
  12 black mambas
  Maurice (D:13)
  3 naga magi
  A gargoyle (D:11)
  8 spiny frogs
  A kobold demonologist (D:13)
  A redback zombie (D:13)
  2 rime drakes
  8 komodo dragons
  A merfolk (shapeshifter) (D:14)
  7 trolls
  2 queen bees
  Grinder (D:5)
  A hornet (D:14)
  Prince Ribbit (D:6)
  11 blink frogs
  7 hippogriffs
  A blink frog (shapeshifter) (D:14)
  A ynoxinul (Gauntlet)
  A wyvern (D:14)
  3 wraiths
  2 shadows (D:11)
  A tarantella (shapeshifter) (D:14)
  A human (D:4)
  A spriggan (D:7)
  6 fire elementals (D:15)
  Eustachio (D:6)
  48 yaks
  2 basilisks
  A steam dragon (Lair:2)
  11 nagas
  A soldier ant (D:13)
  An acid dragon (D:10)
  A hell hound (D:15)
  18 water moccasins
  5 porcupines
  5 phantoms
  A floating eye (shapeshifter) (D:15)
  3 slaves (D:8)
  A black bear (D:9)
  32 orc warriors
  2 ice beasts
  3 sky beasts
  2 eyes of draining
  9 ogres
  6 wolves
  4 centaurs
  A crocodile (shapeshifter) (D:15)
  12 crocodiles
  Blork the orc (D:5)
  3 big kobolds
  17 bullfrogs
  3 scorpions
  2 wyvern skeletons (D:9)
  2 troll zombies (D:10)
  41 killer bees
  11 wights
  6 howler monkeys
  An electric eel (Lair:4)
  8 crimson imps
  A quasit (D:12)
  4 centaur zombies
  4 hounds
  A bullfrog zombie (D:7)
  7 jellies
  4 bullfrog skeletons
  23 orc priests
  2 human skeletons (D:4)
  21 orc wizards
  4 iron imps (Gauntlet)
  5 centaur skeletons
  An iguana (D:11)
  Natasha (thrice) (D:3)
  9 worker ants
  2 big kobold zombies (Ossuary)
  4 ogre zombies (D:10)
  A hound zombie (D:6)
  4 hound skeletons
  7 mummies
  3 gnolls (D:7)
  18 adders
  A howler monkey skeleton (D:9)
  A shadow imp (D:13)
  4 oozes
  An adder zombie (D:7)
  An adder skeleton (D:4)
  2 worms
  3 dart slugs
  6 leopard geckos
  63 orcs
  4 giant cockroaches
  9 goblins
  5 hobgoblins
  3 jackals (D:6)
  22 kobolds
  5 quokkas
  3 ball pythons
  9 bats
  11 frilled lizards
  A frilled lizard (shapeshifter) (D:15)
  A giant cockroach zombie (D:6)
  4 goblin zombies (D:10)
  A hobgoblin skeleton (D:10)
  5 hobgoblin zombies
  A jackal skeleton (D:8)
  An orc skeleton (D:10)
  12 orc zombies (D:10)
  13 rats
  A butterfly (D:8)
  A fungus (Lair:6)
  2 plants
797 creatures vanquished.

Vanquished Creatures (collateral kills)
  Edmund (D:5)
  2 orcs (D:4)
  A giant cockroach (D:5)
4 creatures vanquished.

Vanquished Creatures (others)
  An orc wizard (D:4)
  A butterfly (D:8)
  3 fungi
  3 plants
8 creatures vanquished.

Grand Total: 809 creatures vanquished

Notes
Turn   | Place    | Note
-------+----------+-------------------------------------------
     0 | D:1      | zeroc00l the Troll Transmuter began the quest for the Orb.
     0 | D:1      | Reached XP level 1. HP: 18/18 MP: 1/1
   132 | D:1      | Reached skill level 1 in Fighting
   203 | D:1      | Reached XP level 2. HP: 27/27 MP: 3/3
   353 | D:1      | Reached XP level 3. HP: 33/33 MP: 4/4
   360 | D:1      | Learned a level 3 spell: Spider Form
  1027 | D:2      | Reached XP level 4. HP: 41/41 MP: 5/5
  1038 | D:2      | Learned a level 2 spell: Sticks to Snakes
  1794 | D:3      | Reached XP level 5. HP: 48/49 MP: 4/6
  1941 | D:3      | Noticed Natasha
  1942 | D:3      | Found a hide-covered altar of Uskayaw.
  1942 | D:3      | Found a basalt altar of Yredelemnul.
  1942 | D:3      | Found an ancient bone altar of Kikubaaqudgha.
  1942 | D:3      | Found a shimmering blue altar of Sif Muna.
  1950 | D:3      | Killed Natasha
  1975 | D:3      | Found a shattered altar of Ashenzari.
  1975 | D:3      | Found an opulent altar of Gozag.
  2312 | D:4      | Reached skill level 1 in Poison Magic
  2362 | D:4      | Reached skill level 4 in Unarmed Combat
  2368 | D:4      | Reached XP level 6. HP: 57/57 MP: 1/8
  2734 | D:4      | Found a runed translucent door.
  2734 | D:4      | Noticed a human
  2835 | D:3      | Noticed Natasha
  2849 | D:3      | Killed Natasha
  2854 | D:3      | Noticed Natasha
  2868 | D:3      | Killed Natasha
  3532 | D:4      | Reached XP level 7. HP: 31/66 MP: 5/9
  3673 | D:4      | Found a basalt altar of Yredelemnul.
  3683 | D:4      | Killed a human
  3755 | D:5      | Entered Level 5 of the Dungeon
  3782 | D:5      | Noticed Edmund
  3809 | D:5      | Killed Edmund
  3963 | D:5      | Noticed Grinder
  3973 | D:5      | Killed Grinder
  3973 | D:5      | Reached skill level 5 in Unarmed Combat
  3973 | D:5      | Reached XP level 8. HP: 66/75 MP: 8/11
  4018 | D:5      | Learned a level 5 spell: Blade Hands
  4115 | D:5      | Noticed Blork the orc
  4120 | D:5      | Killed Blork the orc
  4514 | D:6      | Found a sparkling altar of Nemelex Xobeh.
  4546 | D:6      | Found a staircase to the Ecumenical Temple.
  4569 | Temple   | Entered the Ecumenical Temple
  4782 | Temple   | Became a worshipper of Makhleb the Destroyer
  4938 | D:6      | Noticed Eustachio
  4975 | D:6      | Killed Eustachio
  5054 | D:6      | Noticed Prince Ribbit
  5133 | D:6      | Killed Prince Ribbit
  5215 | D:6      | Reached skill level 6 in Unarmed Combat
  5215 | D:6      | Reached XP level 9. HP: 81/81 MP: 11/13
  5223 | D:6      | Learned a level 3 spell: Frozen Ramparts
  5595 | D:7      | Found a sand-covered staircase.
  5612 | Ossuary  | Entered an ossuary
  5621 | Ossuary  | Reached skill level 5 in Transmutations
  5636 | Ossuary  | Reached * piety under Makhleb
  6454 | D:7      | Found a sparkling altar of Nemelex Xobeh.
  6512 | D:7      | Reached ** piety under Makhleb
  6791 | D:7      | Reached skill level 1 in Invocations
  6847 | D:7      | Reached skill level 7 in Unarmed Combat
  7147 | D:8      | Noticed Pikel
  7174 | D:8      | Killed Pikel
  7174 | D:8      | Reached XP level 10. HP: 23/91 MP: 15/15
  7297 | D:8      | Learned a level 3 spell: Ozocubu's Armour
  7341 | D:8      | Found a shimmering altar of Xom.
  8199 | D:9      | Got a sapphire mace
  8200 | D:9      | Identified the +8 mace "Puuh" {vorpal, Str+2} (You found it
                  | on level 9 of the Dungeon)
  8230 | D:9      | Noticed Harold
  8245 | D:9      | Killed Harold
  8245 | D:9      | Reached skill level 1 in Ice Magic
  8567 | D:9      | Reached *** piety under Makhleb
  8628 | D:9      | Reached skill level 8 in Unarmed Combat
  8824 | D:9      | Noticed a two-headed ogre
  8835 | D:9      | Killed a two-headed ogre
  8838 | D:9      | Reached XP level 11. HP: 97/100 MP: 5/16
  9087 | D:10     | Entered Level 10 of the Dungeon
  9107 | D:10     | Reached skill level 5 in Dodging
  9465 | D:10     | Found a staircase to the Orcish Mines.
  9480 | D:10     | Reached **** piety under Makhleb
  9655 | D:10     | Gained mutation: Your magical capacity is low. (-10% MP)
                  | [mutagenic glow]
  9820 | D:10     | Killed an unseen horror
 10579 | D:11     | Found Retisil's Antique Armour Shop.
 10622 | D:11     | Bought a runed cloak for 255 gold pieces
 11017 | D:11     | Noticed a five-headed hydra
 11026 | D:11     | HP: 3/100 [nine-headed hydra (14)]
 11028 | D:11     | Killed a nine-headed hydra
 11028 | D:11     | Reached skill level 5 in Spellcasting
 11358 | D:11     | Found a white marble altar of Elyvilon.
 11377 | D:11     | Reached skill level 9 in Unarmed Combat
 11653 | D:11     | Found a staircase to the Lair.
 12198 | Lair:1   | Entered Level 1 of the Lair of Beasts
 12198 | Lair:1   | Noticed Erica
 12310 | D:12     | Reached skill level 5 in Invocations
 12482 | Lair:1   | Killed Erica
 12482 | Lair:1   | Reached skill level 1 in Evocations
 12539 | Lair:1   | Noticed Gadfly's ghost (journeyman DsMo)
 12573 | Lair:1   | Got a faintly glowing short sword
 12602 | Lair:1   | Identified the +8 short sword of Zapho Rae {holy, rElec
                  | Stlth+} (You found it on level 1 of the Lair of Beasts)
 12697 | Lair:1   | Reached XP level 12. HP: 94/109 MP: 16/16
 12703 | Lair:1   | Learned a level 4 spell: Ice Form
 12768 | Lair:1   | Found a runed translucent gate.
 12769 | Lair:1   | Found a runed translucent gate.
 12769 | Lair:1   | Found a runed translucent gate.
 12770 | Lair:1   | Noticed a five-headed hydra
 12783 | Lair:1   | Killed a five-headed hydra
 12925 | Lair:1   | Got a crystal shortbow
 12926 | Lair:1   | Identified the +8 shortbow "Iroilig" {speed, rN+ Int+5}
                  | (You found it on level 1 of the Lair of Beasts)
 13318 | Lair:1   | Reached skill level 5 in Fighting
 13497 | Lair:2   | Reached ***** piety under Makhleb
 13581 | Lair:2   | Noticed a six-headed hydra
 13597 | Lair:2   | Killed a six-headed hydra
 13857 | Lair:2   | Reached skill level 10 in Unarmed Combat
 14011 | Lair:2   | Noticed a five-headed hydra
 14032 | Lair:2   | Killed a five-headed hydra
 14032 | Lair:2   | Reached skill level 1 in Bows
 14472 | Lair:2   | Noticed a five-headed hydra
 14487 | Lair:2   | Killed a five-headed hydra
 16169 | Lair:4   | Found a staircase to the Snake Pit.
 16331 | Lair:4   | Reached XP level 13. HP: 93/118 MP: 7/17
 16681 | Lair:4   | Found a staircase to the Shoals.
 16977 | Lair:4   | Noticed a fire dragon
 17014 | Lair:4   | Killed a fire dragon
 17131 | Lair:4   | Got an iridescent fustibalus
 17135 | Lair:4   | Identified the +1 fustibalus of Okawaru's Delight {vorpal,
                  | rN+ Dex+2} (You found it on level 4 of the Lair of Beasts)
 17981 | Lair:5   | Reached skill level 1 in Armour
 18412 | Lair:5   | Reached ****** piety under Makhleb
 18739 | Lair:6   | Entered Level 6 of the Lair of Beasts
 19051 | Lair:6   | Noticed Nessos
 19069 | Lair:6   | Killed Nessos
 19386 | Lair:6   | Reached skill level 11 in Unarmed Combat
 19888 | Lair:6   | Found the +12 glaive of Prune {vorpal}
 20014 | Lair:6   | Reached skill level 5 in Armour
 20014 | Lair:6   | Reached XP level 14. HP: 116/127 MP: 11/18
 20102 | Lair:6   | Found a runed translucent door.
 20106 | Lair:6   | Found a viscous altar of Jiyva.
 20106 | Lair:6   | Found a staircase to the Slime Pits.
 20677 | Lair:1   | Killed Gadfly's ghost
 20868 | D:12     | Noticed Erolcha
 20877 | D:12     | Killed Erolcha
 21429 | D:12     | Learned a level 2 spell: Poisonous Vapours
 21800 | D:13     | Reached skill level 12 in Unarmed Combat
 22135 | D:13     | Noticed Sonja
 22142 | D:13     | Killed Sonja
 23460 | D:13     | Found Nizij's Jewellery Boutique.
 23468 | D:13     | Found Lifemmill's Book Shop.
 23471 | D:13     | Bought a book of Transfigurations for 935 gold pieces
 23471 | D:13     | Bought a book of Minor Magic for 340 gold pieces
 23598 | D:13     | Noticed Maurice
 23621 | D:13     | Killed Maurice
 23749 | D:14     | Reached skill level 5 in Bows
 23796 | D:14     | Found a gate leading to a gauntlet.
 23880 | D:14     | Noticed an entropy weaver
 23880 | D:14     | a tyrant leech changed into an entropy weaver
 23883 | D:14     | an entropy weaver changed into an ettin
 23899 | D:14     | Found a gate to the Vaults.
 23953 | Gauntlet | Entered a Gauntlet
 23953 | Gauntlet | Found a transporter.
 23953 | Gauntlet | Found a transporter.
 23953 | Gauntlet | Found a transporter.
 23963 | Gauntlet | Found a transporter.
 23966 | Gauntlet | Found a transporter.
 23977 | Gauntlet | Found a transporter.
 24002 | Gauntlet | Found a transporter.
 24038 | Gauntlet | Found a transporter.
 24044 | Gauntlet | Found a transporter.
 24062 | Gauntlet | Found a transporter.
 24066 | Gauntlet | Found a transporter.
 24069 | Gauntlet | Found a transporter.
 24269 | Gauntlet | Got a heavily runed cloak
 24280 | Gauntlet | Identified the +2 cloak "Sehotic" {*Slow rF++ rC+} (You
                  | found it in a Gauntlet)
 25115 | D:14     | Got an iridescent battleaxe
 25491 | D:15     | Entered Level 15 of the Dungeon
 25740 | D:15     | Noticed Azrael
 25751 | D:15     | Killed Azrael
 26001 | D:15     | Noticed Rupert
 26128 | Lair:1   | Learned a level 5 spell: Yara's Violent Unravelling
 26128 | Lair:1   | Identified the +11 battleaxe "Sauvveid" {distort, Dex+5
                  | Stlth+} (You found it on level 14 of the Dungeon)
 26242 | D:15     | Killed Rupert
 26242 | D:15     | Reached XP level 15. HP: 88/133 MP: 9/19
 26875 | D:15     | Reached skill level 5 in Ice Magic
 26895 | D:15     | Paralysed by a floating eye for 2 turns
 26988 | D:15     | Reached skill level 10 in Transmutations
 27009 | D:15     | Reached skill level 1 in Hexes
 27082 | D:15     | Found a staircase to the Depths.
 27574 | Snake:1  | Entered Level 1 of the Snake Pit
 27701 | Orc:1    | Entered Level 1 of the Orcish Mines
 27720 | Orc:1    | Found a roughly hewn altar of Beogh.
 27978 | Orc:1    | Noticed Fannar
 27986 | Orc:1    | Killed Fannar
 28112 | Orc:2    | Entered Level 2 of the Orcish Mines
 28158 | Orc:2    | Found a roughly hewn altar of Beogh.
 28282 | Orc:2    | Found Elutse's Armour Shop.
 28435 | Orc:2    | Found a staircase to the Elven Halls.
 28815 | Orc:2    | Noticed an orc warlord
 28846 | Orc:2    | Killed an orc warlord
 29150 | Orc:2    | Found Leroca's General Store.
 29151 | Orc:2    | Found Wiokiria's Book Emporium.
 29152 | Orc:2    | Found Aschargh's Antique Armour Emporium.
 29152 | Orc:2    | Found Xegray's Antique Weapon Shoppe.
 29170 | Orc:2    | Learned a level 2 spell: Blink
 29294 | Orc:2    | Bought a book of Battle for 480 gold pieces
 30118 | Snake:1  | Noticed a nagaraja
 30133 | Snake:1  | Killed a nagaraja
 30454 | Snake:2  | Found a white marble altar of Elyvilon.
 30573 | Snake:2  | Reached skill level 1 in Translocations
 31055 | Snake:2  | Noticed a nagaraja
 31077 | Snake:2  | Killed a nagaraja
 31425 | Snake:2  | Reached XP level 16. HP: 144/144 MP: 6/21
 31427 | Snake:2  | Noticed Nikola
 31468 | Snake:2  | Killed from afar by Nikola

Illustrated notes

Levels and vault maps discovered:
D:1:      dpeg_arrival_oval, layout_basic
D:2:      layout_basic
D:3:      layout_basic, minmay_overflow_temple_hex, minmay_statues_item,
          uniq_natasha
D:4:      layout_gridville, dk_yredelemnul_ordeal
D:5:      minmay_angry_zag, layout_rooms, first_ration, corner_web_ring,
          uniq_edmund, uniq_grinder, uniq_blork_the_orc
D:6:      layout_basic, temple_fountains, nemelex_dance_club_becter,
          uniq_eustachio, uniq_prince_ribbit1
D:7:      layout_basic, gup_ossuary_entry_pyramid, basic_altar, the_bakery,
          minivault_10, kennysheep_generic_room_15
D:8:      layout_gridville, xom_butterflies, uniq_pikel
D:9:      layout_roguey, uniq_harold
D:10:     layout_layer_cave, zombieorc1_lemuel
D:11:     layout_stronghold, lair_entry_dummy, serial_shops, shop_coins,
          basic_altar, kennysheep_generic_room_12
D:12:     minmay_wizard_corner, layout_gridville, uniq_erolcha
D:13:     layout_grid_maze, serial_shops, shop, nicolae_shop_behind_doors,
          uniq_maurice, uniq_sonja
D:14:     layout_loops_ring, david_vaults_2, serial_bayou_shore_b,
          gauntlet_entry_generic
D:15:     gammafunk_enter_depths_forms, layout_basic, serial_co_window_serial,
          co_window_of_opportunity_a, co_window_corner_a, co_window_paths_a,
          co_window_paths_a, co_window_paths_a, co_window_paths_a,
          co_window_of_opportunity_a, co_window_corner_b, co_window_broadway_c,
          co_window_paths_c, co_window_2corner, co_window_of_opportunity_c,
          co_window_corner_cb, co_window_2corner, glass_columns_b,
          glass_columns_a, glass_columns_b, glass_columns_c, uniq_azrael,
          uniq_rupert
Temple:   regret_index_temple_generic_petals
Lair:1:   layout_long_grid, gammafunk_ghost_split, infiniplex_staircase_pool,
          uniq_erica
Lair:2:   layout_cave_pods, chequers_serial_rivers_small_b
Lair:3:   layout_roguey [special_room_bee], chequers_serial_rivers_micro_e,
          serial_bayou_pond_a
Lair:4:   dragon1_lemuel, layout_hall_layers, elwin_shoals_entry_rooms,
          minmay_snake_entry_six_corridors, cheibrodos_lair_caveside_slide,
          chequers_serial_rivers_small_a, minmay_holes, st_stairs_6,
          chequers_serial_rivers_small_3
Lair:5:   layout_roguey, chequers_serial_rivers_marsh
Lair:6:   evilmike_catoblepas_cave, layout_loops_ring, slime_altar_2,
          lemuel_fruit_tree, uniq_nessos
Snake:1:  layout_misc_corridors, serial_bayou_shore_b
Snake:2:  layout_chambers, basic_altar, uniq_nikola
Orc:1:    layout_diamond_mine, basic_altar, uniq_fannar
Orc:2:    st_orc_congregation, layout_diamond_mine, basic_altar, serial_shops,
          shop

Skill      XL: |  1  2  3  4  5  6  7  8  9 10 11 12 13 14 15 |
---------------+----------------------------------------------+-----
Fighting       | 1 2 3 4 5 6 |  6.0
Transmutations | 2 3 4 6 7 8 9 10 | 10.0
Spellcasting   | 2 3 4 5 6 |  6.0
Poison Magic   | 1 2 3 |  3.4
Unarmed Combat | 4 5 6 7 8 9 10 11 12 | 12.6
Dodging        | 3 4 6 7 8 |  8.0
Invocations    | 1 3 5 6 8 |  8.0
Ice Magic      | 3 4 5 |  5.0
Evocations     | 1 3 4 |  4.0
Bows           | 3 4 5 6 |  6.0
Armour         | 5 6 |  6.2
Hexes          | 4 |  4.0
Translocations | 2 |  2.5

Action                   |  1- 3 |  4- 6 |  7- 9 | 10-12 | 13-15 | 16-18 || total
-------------------------+-------+-------+-------+-------+-------+-------++-------
Melee: Unarmed           |    98 |   179 |   340 |   623 |   945 |    16 ||  2201
       Headbutt          |     3 |     4 |    17 |     6 |     1 |       ||    31
       Kick              |       |     8 |    15 |    35 |     7 |       ||    65
       Punch             |       |     4 |     9 |    20 |    56 |     1 ||    90
       Longbow           |       |       |       |       |     1 |       ||     1
 Fire: Hunting sling     |       |     2 |    53 |   140 |       |       ||   195
       Shortbow          |       |       |       |    97 |   348 |     2 ||   447
       Longbow           |       |       |       |       |   187 |       ||   187
Throw: Boomerang         |       |     1 |     4 |     7 |       |       ||    12
       Large rock        |       |       |     3 |     1 |    12 |       ||    16
       Dart              |       |       |     2 |       |       |       ||     2
 Cast: Beastly Appendage |     6 |    13 |    28 |    32 |    11 |       ||    90
       Sticks to Snakes  |       |     6 |     7 |     1 |       |       ||    14
       Blade Hands       |       |       |     3 |    13 |    27 |     1 ||    44
       Spider Form       |       |       |     3 |     2 |       |       ||     5
       Frozen Ramparts   |       |       |     1 |    34 |    52 |       ||    87
       Ozocubu's Armour  |       |       |       |    22 |       |       ||    22
       Ice Form          |       |       |       |     5 |     5 |       ||    10
       Poisonous Vapours |       |       |       |       |     4 |       ||     4
       Yara's Violent Un |       |       |       |       |     1 |       ||     1
Invok: Minor Destruction |       |       |       |    31 |     7 |       ||    38
       Major Destruction |       |       |       |       |     3 |       ||     3
Evoke: Wand              |       |       |     1 |       |    12 |       ||    13
       Lightning rod     |       |       |       |     2 |     7 |       ||     9
  Use: Scroll            |       |     7 |     3 |    15 |    16 |       ||    41
       Potion            |       |       |     4 |     1 |     4 |       ||     9
 Stab: Sleeping          |     2 |       |       |     1 |       |       ||     3
       Distracted        |       |       |     1 |       |       |       ||     1
       Confused          |       |       |       |       |     1 |       ||     1
  Eat: Chunk             |    15 |    24 |    36 |    95 |   133 |       ||   303
       Ration            |       |       |       |       |     4 |       ||     4
Armor: Robe              |    35 |    76 |   160 |   165 |       |       ||   436
       Skin              |       |     2 |     4 |     7 |    11 |       ||    24
       Troll leather arm |       |       |       |   141 |    24 |       ||   165
       Fire dragon scale |       |       |       |       |   480 |     4 ||   484
Dodge: Dodged            |    44 |    66 |   171 |   359 |   406 |     5 ||  1051
